 Dungeon Crawl Stone Soup version 0.29-a0-334-gb41bcbb86e (webtiles) character file.

Game seed: 1377467661128707763

255 HendSelp the Bolt Thrower (level 6, -1/47 HPs)
             Began as a Human Hunter on Apr 13, 2022.
             Slain by a gnoll
             ... wielding a +0 spear
              (3 damage)
             ... on level 3 of the Dungeon.
             The game lasted 00:04:08 (2127 turns).

HendSelp the Bolt Thrower (Human Hunter)            Turns: 2127, Time: 00:04:08

Health: -1/47      AC:  4    Str: 11    XL:     6   Next: 38%
Magic:  6/6        EV: 12    Int: 10    God:
Gold:   199        SH:  0    Dex: 18    Spells: 5/5 levels left

rFire   . . .      SeeInvis .   a - +1 hand crossbow
rCold   . . .      Faith    .   (no shield)
rNeg    . . .      Spirit   .   b - +1 leather armour
rPois   .          Reflect  .   (no helmet)
rElec   .          Harm     .   (no cloak)
rCorr   .          Rampage  .   (no gloves)
Will    .....                   (no boots)
Stlth   ++........              (no amulet)
HPRegen 0.15/turn               h - ring of wizardry
MPRegen 0.10/turn               (no ring)

@: no status effects
A: no striking features
a: no special abilities


You were on level 3 of the Dungeon.
You visited 1 branch of the dungeon, and saw 3 of its levels.

You collected 199 gold pieces.

Inventory:

Hand Weapons
 a - a +1 hand crossbow (weapon)
Armour
 b - a +1 leather armour (worn)
Jewellery
 h - a ring of wizardry (left hand)
Scrolls
 c - a scroll of immolation
 d - a scroll of teleportation
 f - 4 scrolls of fog
Potions
 e - a potion of curing {unknown}
 g - a potion of mutation {unknown}
 j - 2 potions of cancellation
 l - a potion of magic {unknown}
 m - a potion of haste {unknown}


   Skills:
 * Level 3.2 Fighting
 * Level 6.3 Crossbows
 * Level 2.9 Dodging
 - Level 1.0 Stealth


You had 5 spell levels left.
You didn't know any spells.
Your spell library contained the following spells:

 Spells                   Type           Power      Damage    Failure   Level
 Beastly Appendage        Tmut           0%         N/A       21%         1
 Blink                    Tloc           0%         N/A       28%         2
 Wereblood                Tmut           0%         N/A       28%         2
 Lesser Beckoning         Tloc           0%         N/A       50%         3
 Spider Form              Tmut/Pois      0%         N/A       50%         3
 Manifold Assault         Tloc           0%         N/A       99%         5


Dungeon Overview and Level Annotations

Branches:
Dungeon (3/15)

Altars:


Message History

You shoot a bolt. The bolt closely misses the gnoll.
The gnoll hits you from afar with a +0 spear!
Unknown command.
Shoot: a) +1 hand crossbow
Press: ? - help, Q - select action Shift-Dir - straight line, f/p - gnoll
Aim: a gnoll, wielding a +0 spear (lightly wounded, 70% to hit)
You shoot a bolt.
The bolt hits the gnoll but does no damage.
The gnoll is lightly wounded.
The gnoll hits you but does no damage. The gnoll closely misses you.
Shoot: a) +1 hand crossbow
Press: ? - help, Q - select action Shift-Dir - straight line, f/p - gnoll
Aim: a gnoll, wielding a +0 spear (lightly wounded, 70% to hit)
You shoot a bolt. The bolt completely misses the gnoll.
The gnoll hits you from afar with a +0 spear.
* * * LOW HITPOINT WARNING * * *
Shoot: a) +1 hand crossbow
Press: ? - help, Q - select action Shift-Dir - straight line, f/p - gnoll
Aim: a gnoll, wielding a +0 spear (lightly wounded, 70% to hit)
You shoot a bolt. The bolt hits the gnoll.
The gnoll is moderately wounded.
The gnoll hits you from afar with a +0 spear.
* * * LOW HITPOINT WARNING * * *
Shoot: a) +1 hand crossbow
Press: ? - help, Q - select action Shift-Dir - straight line, f/p - gnoll
Aim: a gnoll, wielding a +0 spear (moderately wounded, 70% to hit)
You shoot a bolt. The bolt barely misses the gnoll.
The gnoll hits you from afar with a +0 spear.
* * * LOW HITPOINT WARNING * * *
Unknown command.
Unknown command.
Unknown command.
Shoot: a) +1 hand crossbow
Press: ? - help, Q - select action Shift-Dir - straight line, f/p - gnoll
Aim: a gnoll, wielding a +0 spear (moderately wounded, 70% to hit)
You shoot a bolt. The bolt closely misses the gnoll.
The gnoll hits you from afar with a +0 spear.
* * * LOW HITPOINT WARNING * * *
The gnoll hits you from afar with a +0 spear.
You die...

#.............####
#........#.......##
.........#.##>......#
#.#............#.##.#
#.#............#.##.###.
#........#.#.......>...
#.#).....#.#.#.#.....#
#.....).##......)#g..#
####)†.#####.#..@)...#
#.).# #.##..#.#.# #
#†..# #.#†... #
####...#####.......
.............#...#.#
.................#.#
##.......†...#..##.#
.####..#..####.. #
....#####.#


You could see a gnoll.

Vanquished Creatures
  A gnoll shaman (D:3)
  An orc priest (D:3)
  An orc wizard (D:3)
  3 adders
  7 gnolls (D:3)
  2 dart slugs
  3 orcs (D:3)
  6 ball pythons
  6 endoplasms
  3 giant cockroaches
  6 goblins
  4 hobgoblins
  3 jackals (D:2)
  6 kobolds
  4 quokkas
  7 bats
  3 frilled lizards
  6 rats
72 creatures vanquished.

Notes
Turn   | Place    | Note
-------+----------+-------------------------------------------
     0 | D:1      | HendSelp the Human Hunter began the quest for the Orb.
     0 | D:1      | Reached XP level 1. HP: 16/16 MP: 1/1
    62 | D:1      | Reached XP level 2. HP: 21/22 MP: 2/2
   417 | D:1      | Reached XP level 3. HP: 27/27 MP: 3/3
  1314 | D:2      | Reached skill level 5 in Crossbows
  1497 | D:2      | Reached XP level 4. HP: 34/34 MP: 4/4
  1672 | D:3      | Identified the +1 robe of the Hart {Str-2 Int+4 Dex+3 SInv}
  1678 | D:3      | Reached XP level 5. HP: 39/39 MP: 5/5
  1867 | D:3      | Reached skill level 6 in Crossbows
  1908 | D:3      | Reached XP level 6. HP: 37/47 MP: 6/6
  2127 | D:3      | HP: 2/47 [gnoll/+0 spear (3)]
  2127 | D:3      | Slain by a gnoll

Illustrated notes

Levels and vault maps discovered:
D:1:      sevenhm_arrival_forest_fort_small_6, layout_rooms, minmay_distorted
D:2:      layout_basic, st_stairs_7, hex_tiny, hex_medium, supply_closet_lemuel
D:3:      minmay_general_purpose_star, layout_loops_cross,
          nicolae_kikubaaqudgha_miasma_corner, chequers_avenue, uniq_terence

Skill      XL: |  1  2  3  4  5 |
---------------+----------------+-----
Crossbows      | 5 6 |  6.3
Fighting       | 3 |  3.2
Dodging        | |  2.9
Stealth        | |  1.0

Action                   |  1- 3 |  4- 6 || total
-------------------------+-------+-------++-------
Melee: Hand crossbow     |       |     2 ||     2
 Fire: Hand crossbow     |   103 |   106 ||   209
  Use: Scroll            |     7 |     2 ||     9
       Potion            |       |     2 ||     2
Armor: Leather armour    |     9 |    20 ||    29
Dodge: Dodged            |    32 |    44 ||    76

Table legend: (Time is in decaauts)
 A = Elapsed time spent in this place.
 B = Non-inter-level travel time spent in this place.
 C = Inter-level travel time spent in this place.
 D = Time resting spent in this place.
 E = Time spent auto-exploring this place.
 F = Levels seen in this place.
 G = Mean time per level.
                   A        B        C        D        E       F      G
               +--------+--------+--------+--------+--------+-----+--------+
         Total |   2185 |   2012 |    173 |      0 |   1613 |   3 |  728.3 |
       Dungeon |   2185 |   2012 |    173 |      0 |   1613 |   3 |  728.3 |
               +--------+--------+--------+--------+--------+-----+--------+

Top non-repeatable levels by time:
     D:2: 958 daAuts
     D:1: 737 daAuts
     D:3: 490 daAuts
